Map: Ascension to Aiur LE

Players

Yata

  • Race: Zerg Zerg
  • League: Platinum
  • Spawn Location: 5:00

Ultrahugs - Winner!

  • Race: Protoss Protoss
  • League: Diamond
  • Spawn Location: 11:00

VOD

Have the link to the VOD?

Description

Time

  • Played on: Oct. 12, 2017, 9:22 p.m.
  • Length: 17:19
Show
View Real Time Build Order
Export as new Build Order

Yata Zerg 

Build Orders: Hatch First 

Get SALT Encoding   

  12  0:01  Drone  
  13  0:14  Overlord  
  13  0:24  Drone  
  14  0:33  Drone x2  
  16  0:36  Drone  
  17  0:53  Hatchery  
  17  0:56  Drone  
  17  0:59  Drone  
  18  1:09  Extractor  
  17  1:15  Spawning Pool  
  17  1:18  Drone  
  17  1:21  Drone  
  18  1:30  Drone  
  19  1:40  Overlord  
  19  1:52  Drone  
  20  2:02  Queen  
  20  2:05  Queen  
  20  2:06  Zergling x4  
  26  2:13  Metabolic Boost  
  26  2:15  Drone  
  27  2:17  Drone  
  28  2:31  Evolution Chamber  
  28  2:34  Drone, Baneling Nest  
  28  2:35  Drone  
  28  2:36  Drone  
  29  2:41  Drone  
  30  2:51  Drone x2  
  32  2:59  Overlord x2  
  32  3:09  Pneumatized Carapace  
  32  3:15  Zergling x8  
  32  3:17  Drone x2  
  32  3:19  Drone  
  39  3:21  Drone  
  40  3:40  Drone  
  41  3:41  Drone  
  41  3:42  Drone x2  
  41  3:48  Zerg Melee Weapons Level 1  
  44  3:50  Overlord x2  
  44  3:52  Queen  
  46  4:05  Drone x6  
  52  4:14  Baneling x2  
  52  4:26  Extractor  
  51  4:41  Baneling x2  
  51  4:44  Zergling x4  
  51  4:45  Zergling x12  
  59  4:46  Zergling x4  
  59  4:51  Hatchery  
  60  4:53  Drone  
  60  4:54  Drone x2  
  60  5:47  Baneling x3  
  60  5:48  Baneling  
  60  5:50  Overlord x3  
  60  5:51  Overlord x2  
  60  5:59  Baneling  
  60  6:00  Baneling x4  
  60  6:05  Drone x5  
  64  6:12  Spore Crawler  
  64  6:16  Spore Crawler  
  64  6:17  Spine Crawler  
  61  6:19  Spore Crawler  
  61  6:22  Zergling x2, Spore Crawler  
  61  6:23  Zergling x18  
  69  6:31  Drone  
  70  6:52  Lair  
  70  6:54  Zerg Ground Armor Level 1  
  70  6:57  Drone  
  70  6:58  Drone x6  
  73  7:44  Drone x2  
  73  7:45  Drone  
  73  7:49  Zergling x8  
  73  7:50  Zergling x24  
  92  7:53  Queen  
  92  7:54  Queen  
  92  7:55  Queen  
  98  8:00  Hatchery  
  97  8:19  Hydralisk Den  
  95  8:27  Drone  
  95  8:28  Drone x10  
  95  8:30  Overlord x4  
  105  8:37  Queen  
  104  8:52  Hydralisk x6  
  116  8:56  Centrifical Hooks  
  116  9:00  Muscular Augments  
  116  9:04  Overseer x2  
  111  9:34  Hydralisk x4  
  111  9:37  Zergling x2  
  111  9:38  Zergling x26  
  132  9:48  Zergling x6  
  132  9:51  Extractor  
  134  9:53  Extractor  
  133  10:03  Zergling x2  
  133  10:04  Zergling x12  
  133  10:06  Overlord x2  
  140  10:20  Zergling x8  
  139  10:22  Baneling x2  
  139  10:23  Baneling x6  
  139  10:24  Baneling  
  139  10:32  Queen  
  136  10:56  Hydralisk x6  
  138  10:59  Overlord x2  
  138  11:00  Overlord x2  
  138  11:01  Zergling x12  
  138  11:02  Zergling x4  
  154  11:11  Zergling x2  
  154  11:12  Zergling x10  
  154  11:16  Baneling x7  
  154  11:18  Zergling x6  
  141  11:26  Zergling x8  
  141  11:31  Zergling x8  
  142  11:36  Zergling x10  
  137  11:40  Zergling x4  
  137  11:41  Zergling x10  
  137  11:44  Zergling x2  
  124  11:47  Zergling x2  
  119  12:07  Zergling x2  
  119  12:08  Zergling x16  
  124  12:10  Baneling  
  124  12:11  Baneling x8  
  124  12:22  Drone x7  
  131  12:27  Zergling x14  
  138  12:38  Hatchery  
  129  12:55  Overseer  
  129  12:56  Overseer  
  122  13:07  Hatchery  
  110  13:19  Zergling x30  
  125  13:20  Zergling x2  
  125  13:45  Hydralisk x4  
  125  13:46  Hydralisk x3  
  139  13:54  Zerg Melee Weapons Level 2  
  139  14:13  Hydralisk x6  
  151  14:21  Drone x7  
  158  14:26  Drone x6  
  164  14:46  Zergling x18  
  164  14:50  Drone  
  174  14:56  Overlord x7  
  174  15:12  Infestation Pit  
  173  15:18  Drone x4  
  173  15:19  Drone x9  
  186  15:25  Drone x3  
  189  15:34  Zergling x2  
  189  15:35  Zergling x8  
  194  15:41  Zergling x2  
  194  15:42  Zergling x6  
  198  15:45  Baneling  
  198  15:46  Baneling x5  
  198  15:47  Baneling x3  
  198  15:49  Drone  
  200  15:50  Drone  
  198  16:00  Zergling x2  
  198  16:01  Zergling x4  
  200  16:19  Hydralisk Den  
  200  16:22  Baneling  
  200  16:23  Baneling x7  
  166  16:48  Zergling x2  
  166  16:49  Zergling x34  
  166  16:50  Zergling x2  
  169  16:56  Zergling x6  
Show
View Real Time Build Order
Export as new Build Order

Ultrahugs Protoss - Winner!

Build Orders: 1 Gate Expand, Zealot Archon 

Get SALT Encoding   

  12  0:01  Probe (Chrono Boost)  
  13  0:11  Probe (Chrono Boost)  
  14  0:19  Pylon  
  14  0:23  Probe (Chrono Boost)  
  15  0:38  Probe (Chrono Boost)  
  15  0:39  Gateway  
  16  0:48  Probe (Chrono Boost)  
  17  0:59  Probe (Chrono Boost)  
  18  1:13  Probe (Chrono Boost)  
  19  1:19  Nexus  
  19  1:24  Probe (Chrono Boost)  
  20  1:33  Cybernetics Core  
  20  1:37  Probe (Chrono Boost)  
  21  1:46  Gateway  
  21  1:49  Probe (Chrono Boost)  
  22  1:56  Pylon  
  22  2:00  Assimilator  
  22  2:14  Zealot, Assimilator  
  24  2:19  Probe (Chrono Boost)  
  24  2:21  Pylon  
  25  2:31  Probe (Chrono Boost)  
  25  2:33  Probe (Chrono Boost)  
  27  2:41  Warp Gate (Chrono Boost)  
  27  2:47  Probe  
  27  3:00  Probe  
  27  3:01  Mothership Core  
  30  3:11  Pylon  
  30  3:14  Pylon  
  30  3:21  Probe  
  30  3:22  Probe  
  32  3:27  Gateway  
  32  3:29  Gateway  
  32  3:32  Twilight Council  
  32  3:33  Probe  
  32  3:34  Probe  
  34  3:43  Stalker  
  34  3:48  Assimilator x2, Probe  
  36  3:53  Probe  
  38  3:57  Stalker  
  40  4:07  Probe  
  41  4:11  Robotics Facility  
  41  4:17  Pylon  
  41  4:25  Dark Shrine  
  41  4:26  Probe  
  41  4:28  Probe  
  43  4:36  Probe  
  44  4:40  Probe  
  45  4:47  Probe  
  45  4:49  Sentry  
  45  4:52  Probe  
  49  4:57  Probe  
  50  5:01  Warp Prism  
  50  5:04  Probe  
  53  5:36  Stalker  
  53  5:37  Stalker x2  
  59  5:43  Probe  
  59  5:44  Probe  
  61  5:55  Probe  
  62  5:57  Nexus  
  62  6:03  Dark Templar  
  62  6:04  Dark Templar x3  
  68  6:05  Probe x2  
  72  6:17  Probe  
  72  6:18  Probe  
  74  6:20  Pylon, Blink (Chrono Boost)  
  74  6:33  Archon x2  
  74  6:43  Pylon  
  74  6:44  Pylon  
  74  6:45  Pylon  
  74  6:48  Probe  
  74  6:49  Probe  
  74  6:50  Stalker x4  
  84  7:01  Probe  
  85  7:08  Probe  
  86  7:09  Probe  
  86  7:13  Probe  
  88  7:17  Templar Archives  
  88  7:20  Probe x2  
  90  7:25  Probe  
  90  7:27  Assimilator, Stalker x2  
  90  7:28  Assimilator, Stalker  
  97  7:30  Probe  
  97  7:32  Probe  
  97  7:35  Pylon  
  99  7:37  Probe  
  99  7:41  Probe  
  101  7:44  Stalker, Probe  
  104  8:02  Gateway x2  
  104  8:03  Gateway  
  104  8:04  Psionic Storm  
  104  8:06  Charge (Chrono Boost), Probe x2  
  104  8:08  Stalker x4  
  114  8:16  Gateway  
  105  8:44  Stalker x3  
  105  8:45  Stalker  
  113  8:53  Probe  
  113  8:54  Probe x2  
  116  8:59  Stalker x2  
  116  9:00  Stalker  
  122  9:12  Dark Templar x2  
  122  9:13  Dark Templar x2  
  122  9:14  Probe  
  122  9:15  Probe x2  
  133  9:24  Probe  
  133  9:27  Probe  
  133  9:29  Immortal  
  133  9:30  Pylon  
  131  9:32  Pylon, High Templar  
  131  9:33  Pylon  
  131  9:34  Pylon  
  133  9:50  High Templar  
  133  9:51  High Templar x3  
  141  9:59  Assimilator, Nexus  
  141  10:01  Pylon  
  141  10:03  Assimilator, Stalker x2  
  141  10:04  Pylon  
  145  10:09  Zealot  
  147  10:22  Zealot  
  147  10:23  Zealot x3  
  155  10:29  Dark Templar x3  
  161  10:39  Forge  
  161  10:40  Forge  
  161  10:42  Zealot  
  163  10:50  Zealot x3  
  163  10:56  Probe  
  164  11:03  Zealot  
  164  11:04  Zealot x3  
  172  11:18  Stalker x3  
  106  11:49  Stalker x2  
  106  11:50  Stalker x5  
  106  11:52  Probe x2  
  92  12:10  Protoss Ground Weapons Level 1 (Chrono Boost), Protoss Ground Armor Level 1 (Chrono Boost)  
  92  12:11  Dark Templar x3  
  92  12:12  Dark Templar x2  
  102  12:27  Robotics Bay  
  102  12:30  High Templar x2  
  102  12:35  Archon  
  106  12:42  Photon Cannon x2  
  106  12:44  Photon Cannon  
  106  12:47  Photon Cannon  
  106  12:49  Dark Templar x2  
  106  12:50  Photon Cannon  
  110  12:52  Zealot  
  110  12:53  Zealot x2  
  116  12:59  Gateway  
  116  13:02  Gateway  
  112  13:09  High Templar  
  112  13:10  High Templar  
  112  13:12  Zealot x2  
  112  13:21  Zealot x2  
  112  13:22  Zealot  
  118  13:28  Gateway  
  118  13:29  Gateway  
  118  13:30  Archon  
  118  13:31  Gateway, Archon  
  118  13:33  Robotics Facility  
  118  13:36  Protoss Ground Armor Level 2 (Chrono Boost)  
  116  13:42  Stalker  
  116  13:43  Zealot x2, Stalker x2  
  116  13:44  Zealot  
  128  13:49  Protoss Ground Weapons Level 2 (Chrono Boost)  
  128  14:05  Colossus  
  128  14:06  Extended Thermal Lance (Chrono Boost)  
  126  14:18  Pylon x2  
  126  14:27  High Templar x3  
  132  14:36  Colossus  
  138  14:43  Photon Cannon  
  138  14:45  Assimilator  
  138  14:46  Nexus  
  138  14:49  Zealot x5, Assimilator  
  138  14:50  Pylon, Zealot x5  
  138  14:51  Pylon  
  158  14:53  Pylon  
  158  14:59  Warp Prism  
  160  15:29  Colossus  
  160  15:30  High Templar x2  
  160  15:31  High Templar x3  
  160  15:35  Gravitic Drive (Chrono Boost)  
  176  15:36  Archon x2  
  176  16:03  Colossus  
  182  16:16  Stalker x4  
  182  16:17  Stalker x5  
  200  16:36  Pylon  
  200  16:38  Pylon x2  
  200  16:42  Pylon  
  200  16:43  Pylon  
  200  16:44  Nexus  
  200  16:45  Pylon  
  174  16:47  Pylon  
  174  16:53  Nexus  
  162  16:54  Nexus  
  162  16:56  Zealot x6  
  162  16:57  Zealot  
  162  16:59  Zealot x5  
  162  17:00  Zealot  
  180  17:15  Zealot x2  
Tags
 
Add a new tag
Caveats
  • Supply blocks, unpowered buildings, or Contaminate may cause inaccurate times.
  • Supply counts are checked every 10 seconds.